General information
- name: BNet
- type: Ladder 1vs1/FFA
- host: Battle.net
- saver: Ghocher
map: LostTemple
- players: 2
- length: 30:12
- speed: Fast
- version: 1.23 W3XP
- replay type: Public
» download(99 KB)
Players
team 1 (loser)
SurvivaI (
purple | 103 APM | 3112 actions | 30:12)
4 Death Knight
2 Death Coil
2 Unholy Aura
2 Lich
1 Frost Nova
1 Frost Armor
» actions
| Assign group hotkey | 236 | |
| Basic commands | 82 | |
| Build / train | 64 | |
| ESC pressed | 3 | |
| Enter build submenu | 20 | |
| Enter hero's abilities submenu | 6 | |
| Give item / drop item | 1 | |
| Remove unit from queue | 2 | |
| Right click | 1563 | |
| Select / deselect | 543 | |
| Select group hotkey | 454 | |
| Use ability | 138 | |
3112 total
» units
| Acolyte | 17 | |
| Ghoul | 18 | |
| Frost Wyrm | 4 | |
| Crypt Fiend | 2 | |
41 total
» upgrades
» buildings
| Crypt | 2 | |
| Ziggurat | 5 | |
| Altar of Darkness | 1 | |
| Nerubian Tower | 1 | |
| Tomb of Relics | 1 | |
| Halls of the Dead | 1 | |
| Black Citadel | 1 | |
| Sacrificial Pit | 1 | |
| Boneyard | 2 | |
| Graveyard | 1 | |
16 total
» build order
00:15 Crypt
00:21 Crypt
00:37 Ziggurat
00:59 Altar of Darkness
01:31 Nerubian Tower
01:57 Tomb of Relics
02:13 Ziggurat
03:28 Halls of the Dead
05:39 Ziggurat
05:41 Ziggurat
06:32 Black Citadel
08:42 Sacrificial Pit
08:46 Ziggurat
09:35 Boneyard
10:27 Boneyard
18:43 Graveyard
» items
| Rod of Necromancy | 3 | |
| Potion of Healing | 1 | |
| Scroll of Town Portal | 1 | |
| Scroll of Healing | 1 | |
| Dust of Appearance | 1 | |
| Potion of Mana | 1 | |
8 total
team 2 (winner)
Ghocher (
pink | 70 APM | 2104 actions | 30:12)
7 Blademaster
3 Wind Walk
3 Critical Strike
1 Bladestorm
6 Shadow Hunter
2 Hex
3 Healing Wave
1 Big Bad Voodoo
» actions
| Assign group hotkey | 55 | |
| Basic commands | 182 | |
| Build / train | 88 | |
| Enter build submenu | 14 | |
| Enter hero's abilities submenu | 13 | |
| Give item / drop item | 3 | |
| Remove unit from queue | 1 | |
| Right click | 556 | |
| Select / deselect | 493 | |
| Select group hotkey | 562 | |
| Use ability | 137 | |
2104 total
» units
| Peon | 11 | |
| Grunt | 9 | |
| Raider | 6 | |
| Spirit Walker | 4 | |
| Troll Witch Doctor | 3 | |
| Kodo Beast | 1 | |
| Troll Batrider | 18 | |
52 total
» upgrades
| Armor | 3 | |
| Berserker Strength | 1 | |
| Ensnare | 1 | |
| Spirit Walker Training | 2 | |
| Witch Doctor Training | 2 | |
| Pillage | 1 | |
| Ranged Weapons | 2 | |
| Liquid Fire | 1 | |
13 total
» buildings
| Altar of Storms | 1 | |
| Orc Burrow | 6 | |
| Barracks | 1 | |
| War Mill | 1 | |
| Stronghold | 1 | |
| Beastiary | 2 | |
| Spirit Lodge | 1 | |
| Great Hall | 1 | |
| Fortress | 1 | |
| Voodoo Lounge | 1 | |
16 total
» build order
00:04 Altar of Storms
00:16 Orc Burrow
00:38 Barracks
01:27 Orc Burrow
02:23 War Mill
03:09 Stronghold
04:14 Orc Burrow
04:52 Orc Burrow
05:35 Beastiary
05:37 Spirit Lodge
08:58 Orc Burrow
10:16 Great Hall
10:24 Orc Burrow
13:09 Fortress
15:43 Voodoo Lounge
19:14 Beastiary
» items
| Boots of Speed | 1 | |
| Staff of Teleportation | 1 | |
| Orb of Lightning | 1 | |
3 total
Chat log
(00:05 / All) Ghocher: gl
(00:09 / All) SurvivaI: u2
(11:48 / All) SurvivaI: wtf
(13:14 / All) Ghocher: sentry ward on the fountain
(13:16 / All) Ghocher: to see your shade
(13:20 / All) Ghocher: if that's what you were wondering
(13:28 / All) SurvivaI: yes
(13:38 / All) SurvivaI: replay show but ok
(21:05 / All) SurvivaI: lol
(21:12 / All) Ghocher: ?
(21:13 / All) SurvivaI: ward in there to?
(21:16 / All) Ghocher: no
(28:25 / All) Ghocher: gg
(28:39 / All) SurvivaI: bg